[ PARTIDA AOE2 · #493744930 ]
UnrankedIndostaníes vs Sicilians
Equipo del jugador · DERR
Equipo rival · VICT
[ ANÁLISIS DE REPETICIÓN · EXTRAÍDO DE LA PARTIDA GRABADA ]
Feudal
9:27
Castillos
—
Imperial
—
| APM promedio | 61.8 |
| APM pico | 100 |
| eAPM promedio | 21.4 |
| Aldeanos / militares | 24 / 1 |
Foco
⚔️ 34.5% · 🌾 65.5%
Scout Cavalry ×1
Feudal
9:49
Castillos
—
Imperial
—
| APM promedio | 29.0 |
| APM pico | 64 |
| eAPM promedio | 13.1 |
| Aldeanos / militares | 30 / 2 |
Foco
⚔️ 9.5% · 🌾 90.5%
Serjeant ×2
Mapa de la partida
Recursos iniciales + cada clic de construcción. Líneas = muros · curvas = relieve. ◆ oro · ⬟ piedra · ● bayas · ✦ reliquia · ◌ hueco del cierre
Tu base· Abierta — flanco sin cerrar
Base de Enderman· Abierta — flanco sin cerrar
Terreno inicial suavizado · ◌ = hueco del cierre detectado · pasá el cursor para detalles
Inputs por minuto
— rama xstar - - Enderman
Build order — rama xstar
43 acciones detectadas en el replay
| 0:02 | Crear | Villager (Male) |
| 0:02 | Crear | Villager (Male) |
| 0:03 | Crear | Villager (Male) |
| 0:04 | Crear | Villager (Male) |
| 0:06 | Construir | House |
| 0:08 | Construir | House |
| 1:12 | Crear | Villager (Male) |
| 1:45 | Crear | Villager (Male) |
| 2:16 | Crear | Villager (Male) |
| 2:17 | Crear | Villager (Male) |
| 2:29 | Crear | Villager (Male) |
| 2:30 | Crear | Villager (Male) |
| 3:00 | Crear | Villager (Male) |
| 3:11 | Construir | Lumber Camp |
| 3:23 | Crear | Villager (Male) |
| 3:27 | Crear | Villager (Male) |
| 3:55 | Construir | House |
| 4:01 | Crear | Villager (Male) |
| 4:13 | Crear | Villager (Male) |
| 4:39 | Construir | Palisade Wall |
| 4:56 | Construir | Mill |
| 4:58 | Crear | Villager (Male) |
| 5:17 | Crear | Villager (Male) |
| 5:27 | Crear | Villager (Male) |
| 5:40 | Construir | Farm |
| 6:06 | Crear | Villager (Male) |
| 6:18 | Construir | Farm |
| 6:29 | Construir | House |
| 6:42 | Investigar | Loom |
| 6:53 | Construir | Farm |
| 7:17 | Investigar | Feudal Age |
| 7:22 | Construir | Farm |
| 8:19 | Crear | Villager (Male) |
| 8:24 | Construir | Barracks |
| 8:26 | Crear | Villager (Male) |
| 9:05 | Crear | Villager (Male) |
| 9:27 | Edad | Edad Feudal |
| 9:39 | Crear | Villager (Male) |
| 9:43 | Construir | House |
| 9:46 | Construir | House |
| 10:00 | Crear | Villager (Male) |
| 10:09 | Construir | Stable |
| 12:07 | Crear | Scout Cavalry |
Build order — Enderman
45 acciones detectadas en el replay
| 0:00 | Crear | Villager (Male) |
| 0:04 | Construir | House |
| 0:06 | Construir | House |
| 0:15 | Crear | Villager (Male) |
| 0:20 | Crear | Villager (Male) |
| 0:20 | Crear | Villager (Male) |
| 1:27 | Crear | Villager (Male) |
| 1:49 | Investigar | Loom |
| 2:00 | Crear | Villager (Male) |
| 2:01 | Crear | Villager (Male) |
| 2:45 | Crear | Villager (Male) |
| 2:45 | Crear | Villager (Male) |
| 3:23 | Crear | Villager (Male) |
| 3:54 | Crear | Villager (Male) |
| 3:54 | Crear | Villager (Male) |
| 4:02 | Construir | House |
| 4:21 | Crear | Villager (Male) |
| 4:21 | Crear | Villager (Male) |
| 4:22 | Crear | Villager (Male) |
| 5:04 | Construir | Lumber Camp |
| 5:33 | Crear | Villager (Male) |
| 5:51 | Crear | Villager (Male) |
| 5:52 | Crear | Villager (Male) |
| 6:42 | Crear | Villager (Male) |
| 7:10 | Construir | Mill |
| 7:39 | Investigar | Feudal Age |
| 8:25 | Construir | House |
| 8:35 | Construir | House |
| 8:38 | Crear | Villager (Male) |
| 9:37 | Construir | Donjon |
| 9:49 | Edad | Edad Feudal |
| 9:59 | Construir | Donjon |
| 10:12 | Crear | Villager (Male) |
| 10:39 | Crear | Serjeant |
| 10:39 | Crear | Serjeant |
| 10:41 | Crear | Villager (Male) |
| 10:42 | Crear | Villager (Male) |
| 10:52 | Crear | Villager (Male) |
| 10:52 | Crear | Villager (Male) |
| 10:59 | Construir | Mining Camp |
| 12:51 | Crear | Villager (Male) |
| 12:51 | Crear | Villager (Male) |
| 12:51 | Crear | Villager (Male) |
| 12:55 | Crear | Villager (Male) |
| 12:55 | Crear | Villager (Male) |
Cronología de la partida
| 4:39 | rama xstar · wall_segment Palisade Wall x1 |
| 8:24 | rama xstar · first_building Barracks |
| 9:27 | rama xstar · age_up feudal |
| 9:37 | Enderman · first_building Donjon |
| 9:49 | Enderman · age_up feudal |
| 10:09 | rama xstar · first_building Stable |
| 12:55 | rama xstar · resign |
[ ANÁLISIS IA · 1 CRÉDITO ]
¿Qué pasó realmente en esta partida?
Wolo.gg analiza cada decisión: build order, eco, micro, errores típicos por bracket. Análisis personalizado por WhatsApp o Discord en 30 segundos.
Guía civ
Indostaníes
Perfil
rama xstar